 Dungeon Crawl Stone Soup version 0.15-a0-1766-g0ee8742 (webtiles) character file.

11230 MechanicPope the Cleaver (level 12, 0/89 HPs)
             Began as a Formicid Fighter on June 28, 2014.
             Was a Priest of Qazlal.
             Killed from afar by an orc sorcerer (14 damage)
             ... with a bolt of negative energy
             ... on Level 4 of the Orcish Mines.
             The game lasted 01:10:20 (10245 turns).

MechanicPope the Cleaver (Formicid Fighter)        Turns: 10245, Time: 01:10:21

HP   0/89        AC 21     Str 26      XL: 12   Next:  5%
MP  33/33        EV  6     Int  9      God: Qazlal [***...]
Gold 1113        SH 16     Dex 10      Spells:  0 memorised, 11 levels left

rFire  . . .     SeeInvis +     I - +3 war axe
rCold  + + .     Clarity  .     L - +2 plate armour {rC+}
rNeg   . . .     rCorr    .     c - +0 shield
rPois  .         rRot     .     (helmet unavailable)
rElec  .         Spirit   .     J - +0 cloak
SustAb .         Warding  .     o - +1 pair of gloves
rMut   .         Stasis   +     p - +0 pair of boots
Gourm  .                        (no amulet)
MR     ++...                    u - ring of Mubuet {rC+ MR+ Int+1}
                                q - ring of magical power

@: drained, very resistant to hostile enchantments, extremely unstealthy
A: permanent stasis, dig shafts and tunnels, four strong arms, antennae 3
a: Dig, Shaft Self, Upheaval, Elemental Force, Renounce Religion


You were on level 4 of the Orcish Mines.
You worshipped Qazlal.
Qazlal was most pleased with you.
You were not hungry.

You visited 3 branches of the dungeon, and saw 14 of its levels.

You collected 1453 gold pieces.
You spent 340 gold pieces at shops.

Inventory:

Hand weapons
 z - a +1 whip of electrocution
 H - a +0 battleaxe
 I - a +3 war axe (weapon)
Missiles
 b - 3 throwing nets
 e - 23 tomahawks (quivered)
 w - 6 tomahawks of returning
 D - a poisoned tomahawk
Armour
 c - a +0 shield (worn)
 o - a +1 pair of gloves (worn)
 p - a +0 pair of boots (worn)
 J - a +0 cloak (worn)
 K - a +3 chain mail of fire resistance
 L - a +2 plate armour of cold resistance (worn)
Magical devices
 t - a wand of magic darts (15)
 G - a wand of magic darts (0)
Comestibles
 d - 6 bread rations
 s - 8 slices of pizza
 A - 2 royal jellies
Scrolls
 f - a scroll of enchant armour
 h - 2 scrolls of amnesia
 i - 3 scrolls of remove curse
 j - a scroll of immolation
 k - 2 scrolls of identify
 l - 2 scrolls of recharging
 r - 3 scrolls of noise
 v - a scroll of fear
 y - a scroll of vulnerability
Jewellery
 q - a ring of magical power (left hand)
 u - the ring of Mubuet (right hand) {rC+ MR+ Int+1}
   (You found it on level 9 of the Dungeon)

   [ring of protection from magic]

   It affects your intelligence (+1).
   It protects you from cold.
   It affects your resistance to hostile enchantments.
 B - an uncursed ring of ice
Potions
 a - a potion of brilliance
 x - a potion of agility
 C - a potion of lignification
Books
 E - a book of Ice

   Spells                             Type                      Level
   Metabolic Englaciation             Hexes/Ice                    5
   Ozocubu's Refrigeration            Ice                          6
   Bolt of Cold                       Conjuration/Ice              6
   Freezing Cloud                     Conjuration/Ice/Air          6
   Simulacrum                         Ice/Necromancy               6
 F - a book of Flames

   Spells                             Type                      Level
   Flame Tongue                       Conjuration/Fire             1
   Throw Flame                        Conjuration/Fire             2
   Conjure Flame                      Conjuration/Fire             3
   Inner Flame                        Hexes/Fire                   3
   Sticky Flame                       Conjuration/Fire             4
   Fireball                           Conjuration/Fire             5


   Skills:
 - Level 6.5(5.5) Fighting
 * Level 11.6(10.5) Axes
 + Level 3.6(2.7) Throwing
 - Level 10.5(9.4) Armour
 - Level 8.5(7.5) Shields
 + Level 6.1(5.1) Invocations


You had 11 spell levels left.
You didn't know any spells.

Dungeon Overview and Level Annotations

Branches:
Dungeon (9/15)             Temple (1/1) D:6             Orc (4/4) D:9
    Elf (0/3) Orc:4
   Lair: D:8-11

Altars:
Ashenzari
Cheibriados
Dithmenos
Elyvilon
Fedhas
Gozag
Kikubaaqudgha
Makhleb
Nemelex Xobeh
Okawaru
Qazlal
Sif Muna
Trog
Vehumet
Xom
Yredelemnul
Zin
The Shining One
Beogh

Shops:
D:5 [   Orc:3 :

Portals:
Labyrinth: Orc:4

Annotations:
Orc:4 Joseph


Innate Abilities, Weirdness & Mutations

Your are under a permanent stasis effect.
You can dig through walls and to a lower floor.
Your four strong arms can wield two-handed weapons with a shield.
You have a pair of large antennae on your head (SInv).


Message History

The orc warrior is severely wounded.
You hit the orc sorcerer.
The orc sorcerer is moderately wounded.
The orc warrior barely misses you. You block the orc sorcerer's attack.
Drink which item? (? for menu, Esc to quit)
Okay, then.
You hit the orc sorcerer.
The orc sorcerer is heavily wounded.
You hit the orc warrior.
The orc warrior is almost dead.
The orc sorcerer gestures at the surrounding area while chanting.
The dead are walking!
You block the orc warrior's attack.
A troll zombie comes into view.
You hit the orc warrior but do no damage.
The orc warrior is almost dead.
You slash the orc sorcerer!
The orc sorcerer is severely wounded.
The orc sorcerer points at you and mumbles some strange words.
The bolt of negative energy hits you!
You feel drained.
You die...

#................... ######
#.#................ ##.##.##
###..................
#......###..).............8...
##.##..##.....#......o..#####.
####...##.#)#...#...o#...#
##§.#..(##..##.#.....##
#...((())§.#.......##
##.#..(Z.@o##.#....#
##.(.#.#.o........#
##{####...#......# #...#
##.##........ ##
###.#######.........
##.##.#..##.##.........
#......(..............
##.##.#...#.......... #.
####.#....##..#...


You could see an orc sorcerer, an orc warrior and a troll zombie.

Vanquished Creatures
  Nessos (Orc:4)
  Erolcha (Orc:3)
  Pikel (D:9)
  An orc knight (Orc:2)
  An orc sorcerer (Orc:4)
  Grinder (D:3)
  3 trolls
  2 two-headed ogres
  A deep elf mage (D:9)
  2 hungry ghosts
  A human (D:7)
  2 wargs (Orc:3)
  2 necrophages
  A phantom (D:8)
  22 orc warriors
  2 sky beasts
  A slave (D:9)
  4 ogres
  3 centaurs
  Sigmund (D:7)
  4 giant frogs
  A troll zombie (D:7)
  4 scorpions
  3 vampire bats (D:3)
  6 killer bees
  3 crimson imps
  8 wights
  6 hounds
  A centaur skeleton (D:4)
  17 orc priests
  4 worker ants
  22 orc wizards
  2 iguanas
  6 sheep
  A hound skeleton (Orc:1)
  2 gnolls (D:7)
  A worker ant zombie (D:6)
  7 adders
  A giant mite (D:3)
  6 worms
  An adder skeleton (D:4)
  3 giant geckos
  An ooze (D:3)
  173 orcs
  10 bats
  3 bat skeletons (D:3)
  4 bat zombies (D:3)
  7 giant cockroaches
  23 goblins
  19 hobgoblins
  9 jackals
  10 quokkas
  A giant gecko skeleton (D:4)
  4 giant newts
  A hobgoblin skeleton (D:6)
  14 kobolds
  An orc zombie (Orc:4)
  14 rats
456 creatures vanquished.

Vanquished Creatures (others)
  A slave (D:9)
  A hound (D:9)
  An orc wizard (Orc:4)
  A rat (D:9)
4 creatures vanquished.

Grand Total: 460 creatures vanquished

Notes
Turn   | Place    | Note
--------------------------------------------------------------
     0 | D:1      | MechanicPope, the Formicid Fighter, began the quest for the Orb.
     0 | D:1      | Reached XP level 1. HP: 18/18 MP: 1/1
    57 | D:1      | Reached XP level 2. HP: 24/24 MP: 3/3
   483 | D:2      | Reached XP level 3. HP: 29/29 MP: 4/4
   528 | D:2      | Found a shattered altar of Ashenzari.
   584 | D:2      | Found a deep blue altar of Sif Muna.
   922 | D:2      | Found a sparkling altar of Nemelex Xobeh.
  1008 | D:3      | Reached XP level 4. HP: 31/36 MP: 5/5
  1056 | D:3      | Reached skill level 4 in Armour
  1173 | D:3      | Noticed Grinder
  1210 | D:3      | Killed Grinder
  1210 | D:3      | Reached skill level 5 in Armour
  1210 | D:3      | Reached XP level 5. HP: 13/42 MP: 7/7
  1210 | D:3      | Reached XP level 6. HP: 14/48 MP: 8/8
  1342 | D:3      | Found a shadowy altar of Dithmenos.
  1505 | D:3      | Found an ancient bone altar of Kikubaaqudgha.
  1520 | D:3      | Reached XP level 7. HP: 46/54 MP: 9/9
  1530 | D:3      | Reached skill level 5 in Shields
  1887 | D:4      | Found a basalt altar of Yredelemnul.
  1910 | D:5      | Entered Level 5 of the Dungeon
  1920 | D:5      | Reached skill level 6 in Armour
  2123 | D:6      | Reached skill level 5 in Axes
  2141 | D:6      | Reached XP level 8. HP: 28/61 MP: 11/11
  2237 | D:7      | Noticed Sigmund
  2244 | D:6      | Reached skill level 5 in Fighting
  2834 | D:5      | Found a stormy altar of Qazlal.
  2836 | D:5      | Noticed a fire elemental
  2836 | D:5      | Noticed a water elemental
  2836 | D:5      | Noticed an air elemental
  2841 | D:5      | Became a worshipper of Qazlal Stormbringer
  2884 | D:5      | Found Maess' Armour Emporium.
  2991 | D:4      | Reached skill level 7 in Armour
  3309 | D:5      | Reached XP level 9. HP: 68/68 MP: 12/12
  3341 | D:5      | Acquired Qazlal's first power
  3641 | D:6      | Reached skill level 1 in Throwing
  4053 | D:6      | Found a staircase to the Ecumenical Temple.
  4078 | D:6      | Reached skill level 8 in Armour
  4146 | Temple   | Entered the Ecumenical Temple
  4282 | D:6      | Found a burning altar of Makhleb.
  4397 | D:6      | Acquired Qazlal's second power
  4433 | D:6      | Found a roughly hewn altar of Beogh.
  5442 | D:7      | Reached XP level 10. HP: 61/77 MP: 13/13
  5606 | D:7      | Reached skill level 9 in Armour
  5606 | D:7      | Reached skill level 1 in Invocations
  5627 | D:7      | Acquired Qazlal's third power
  5648 | D:7      | Found an iron altar of Okawaru.
  5773 | D:7      | Killed Sigmund
  6231 | D:8      | Got a heavily runed leather armour
  6349 | D:8      | Found a deep blue altar of Sif Muna.
  6371 | D:8      | Identified the cursed -4 leather armour of Jukirr {Str+1 Dex-3} (You found it on level 8 of the Dungeon)
  6678 | D:9      | Got a sparkling golden ring
  6679 | D:9      | Identified the ring of Mubuet {rC+ MR+ Int+1} (You found it on level 9 of the Dungeon)
  6805 | D:9      | Noticed Pikel
  6825 | D:9      | Killed Pikel
  7392 | D:9      | Reached skill level 10 in Armour
  7417 | D:9      | Reached XP level 11. HP: 62/83 MP: 20/20
  7497 | D:9      | Found a roughly hewn altar of Beogh.
  7498 | D:9      | Found a staircase to the Orcish Mines.
  7726 | D:9      | Found a shimmering altar of Xom.
  8075 | D:5      | Bought a +0 cloak for 49 gold pieces
  8075 | D:5      | Bought a +3 chain mail of fire resistance for 291 gold pieces
  8198 | D:7      | Reached skill level 10 in Axes
  8275 | Orc:1    | Entered Level 1 of the Orcish Mines
  8289 | Orc:1    | Acquired Qazlal's fourth power
  8402 | Orc:2    | Noticed an orc knight
  8419 | Orc:2    | Killed an orc knight
  8424 | Orc:2    | HP: 5/124 [orc priest/divine providence (11)]
  8424 | Orc:2    | HP: 1/124 [orc warrior/hand axe[an orc knight] (4)]
  8943 | Orc:1    | Found a burning altar of Makhleb.
  9520 | Orc:3    | Reached skill level 5 in Invocations
  9521 | Orc:3    | Found Klos Ahatau's Book Shop.
  9528 | Orc:3    | Reached skill level 11 in Axes
  9531 | Orc:3    | Found a bloodstained altar of Trog.
  9594 | Orc:3    | Acquired Qazlal's fifth power
  9619 | Orc:3    | Noticed Erolcha
  9635 | Orc:3    | Killed Erolcha
  9867 | Orc:4    | Entered Level 4 of the Orcish Mines
  9867 | Orc:4    | Found a staircase to the Elven Halls.
  9867 | Orc:4    | Found a labyrinth entrance.
  9875 | Orc:4    | Noticed a cyclops
  9964 | Orc:4    | Noticed a cyclops
  9965 | Orc:4    | Noticed Joseph
  9999 | Orc:4    | Noticed an orc sorcerer
 10002 | Orc:4    | Killed an orc sorcerer
 10067 | Orc:4    | Noticed Nessos
 10101 | Orc:4    | Killed Nessos
 10135 | Orc:4    | Reached XP level 12. HP: 33/89 MP: 24/24
 10218 | Orc:4    | Noticed an orc sorcerer
 10245 | Orc:4    | Killed from afar by an orc sorcerer

Action                   |  1- 3 |  4- 6 |  7- 9 | 10-12 || total
-------------------------+-------+-------+-------+-------++-------
Melee: War axe           |    79 |    94 |   471 |   693 ||  1337
Throw: Tomahawk          |       |       |    15 |    40 ||    55
       Throwing net      |       |       |       |     1 ||     1
Invok: Upheaval          |       |       |       |    17 ||    17
  Use: Potion            |       |     2 |     4 |     5 ||    11
       Scroll            |       |       |     2 |    19 ||    21
